 Dungeon Crawl Stone Soup version 0.31-a0-204-g7da18cac08 (webtiles) character file.

Game seed: 14879037045279361442

117 qw the Skirmisher (level 4, -1/25 HPs)
             Began as a Deep Elf Hunter on June 27, 2023.
             Killed by nerve-wracking pain
             ... invoked by Grinder
              (7 damage)
             ... on level 3 of the Dungeon.
             The game lasted 00:00:37 (1695 turns).

qw the Skirmisher (Deep Elf Hunter)                 Turns: 1695, Time: 00:00:38

Health: -1/25      AC:  6    Str: 14    XL:     4   Next: 71%
Magic:  6/6        EV: 12    Int: 14    God:
Gold:   113        SH:  0    Dex: 20    Spells: 3/3 levels left

rFire   . . .        Y - +0 shortbow
rCold   + . .        (shield currently unavailable)
rNeg    . . .        n - +2 leather armour {rC+}
rPois   .            h - +0 helmet
rElec   .            (no cloak)
rCorr   .            (no gloves)
SInv    .            (no boots)
Will    .....        (no amulet)
Stlth   ++           m - +6 ring of strength
HPRegen 0.24/turn    (no ring)
MPRegen 0.10/turn

%: no passive effects
@: about to teleport
A: no striking features
a: no special abilities


You were on level 3 of the Dungeon.
You visited 1 branch of the dungeon, and saw 3 of its levels.

You collected 113 gold pieces.


   Skills:
 - Level 1.5 Fighting
 - Level 8.1 Ranged Weapons
 + Level 2.5 Dodging
 - Level 1.2 Stealth


You had 3 spell levels left.
You didn't know any spells.
Your spell library was empty.

Inventory:

Hand Weapons
 Y - a +0 shortbow (weapon)
Armour
 h - a +0 helmet (worn)
 k - a +0 ring mail
 n - a +2 leather armour of cold resistance (worn)
Jewellery
 a - a ring of ice
 m - a +6 ring of strength (left hand)
Potions
 b - 2 potions of might
 f - 6 potions of enlightenment
 i - a potion of lignification {unknown}
 j - a potion of haste {unknown}
 o - 2 potions of curing

Dungeon Overview and Level Annotations

Branches:
Dungeon (3/15)

Altars:

Annotations:
D:3 Grinder


Message History

A bat comes into view.
Found a stone staircase leading down.
You shoot an arrow. The arrow barely misses the bat.
The bat hits you.
You shoot an arrow. The arrow closely misses the bat.
The bat barely misses you.
You shoot an arrow. The arrow hits the bat!
You kill the bat!
You start resting.
HP restored.
There is a stone staircase leading down here.
You now have 113 gold pieces (gained 11).
Grinder comes into view.
Grinder shouts!
Grinder blinks!
Grinder moves out of view.
Enter note: Grinder is nearby!
Enter note: You shoot an arrow.
The arrow hits Grinder!
Grinder is lightly wounded.
Grinder closely misses you.
You shoot an arrow.
The arrow hits Grinder but does no damage.
Grinder is lightly wounded.
Grinder hits you.
You writhe in agony.
You shoot an arrow. The arrow hits Grinder.
Grinder is moderately wounded.
Grinder hits you.
You writhe in agony.
You shoot an arrow. The arrow barely misses Grinder.
Grinder hits you.
You writhe in agony.
1694 ||| READING scroll of teleportation.
As you read the scroll of teleportation, it crumbles to dust.
You feel strangely unstable.
Grinder blinks!
You shoot an arrow.
The arrow hits Grinder but does no damage.
Grinder is moderately wounded.
Grinder gestures at you. Pain shoots through your body!
You die...

#. .. ##. ...
#.. ..# .#
#..## ##.. # .#
#.5.. #..#...
##.
#...ยค#....#..
#.. #...#@.#
..####.# #
#..#...##...
...#.##. #.
##..........
#.#.#.. #.
#.####...###
##.....# #. #.#
.### #...##..
#. #.#
.#######.#####.
#. #.#
#.......# #' #.
#.# #.###.###
##. ##.## #.#
7.7 #.# ##..


You could see Grinder.

Vanquished Creatures
  Jessica (D:3)
  Terence (D:2)
  2 adders (D:2)
  A dart slug (D:1)
  An orc (D:3)
  5 bats
  7 endoplasms
  3 goblins
  4 hobgoblins
  5 kobolds
  A quokka (D:1)
  7 ball pythons
  2 frilled lizards (D:1)
  4 rats
44 creatures vanquished.

Notes
Turn   | Place    | Note
-------+----------+-------------------------------------------
     0 | D:1      | qw the Deep Elf Hunter began the quest for the Orb.
     0 | D:1      | Reached XP level 1. HP: 12/12 MP: 3/3
     0 | D:1      | 0 ||| qw: Version: 0.3-a-22-g0ed2b0b
     0 | D:1      | 0 ||| qw: Game counter: 6380
     0 | D:1      | 0 ||| qw: Melee chars always use a shield: true
     0 | D:1      | 0 ||| qw: God list: Okawaru
     0 | D:1      | 0 ||| qw: Allow faded altars: false
     0 | D:1      | 0 ||| qw: Do Orc after clearing Dungeon:15 true
     0 | D:1      | 0 ||| qw: Do second Lair branch before Depths: true
     0 | D:1      | 0 ||| qw: Lair rune preference: random
     0 | D:1      | 0 ||| qw: Goals: Normal
     0 | D:1      | 0 ||| PLANNING D:1-11
   206 | D:1      | Reached XP level 2. HP: 16/16 MP: 4/4
   217 | D:1      | Reached skill level 6 in Ranged Weapons
   550 | D:1      | 550 ||| UPGRADING to +0 ring mail.
   560 | D:1      | 560 ||| DROPPING +0 leather armour.
   561 | D:1      | 561 ||| UPGRADING to +2 leather armour of cold resistance.
   571 | D:1      | 571 ||| DROPPING ring of magical power.
   572 | D:1      | 572 ||| UPGRADING to +6 ring of strength.
   573 | D:1      | 573 ||| READING scroll labelled DUPLUSTRE JOYKE.
   576 | D:1      | 576 ||| READING scroll labelled DASSENIKICW.
   577 | D:1      | 577 ||| READING scroll labelled KIDWUI USADDAI.
   578 | D:1      | 578 ||| DRINKING 3 sapphire potions.
   579 | D:1      | 579 ||| DRINKING 2 ruby potions.
   580 | D:1      | 580 ||| DROPPING scroll of butterflies.
   743 | D:2      | 743 ||| Stepping ~*~*~tactically~*~*~ (outnumbered).
   749 | D:2      | Reached XP level 3. HP: 19/20 MP: 5/5
   863 | D:2      | Noticed Terence
   867 | D:2      | Killed Terence
   868 | D:2      | Reached skill level 7 in Ranged Weapons
   868 | D:2      | Reached XP level 4. HP: 14/25 MP: 6/6
   933 | D:2      | Found a faded altar of an unknown god.
  1308 | D:2      | 1308 ||| UPGRADING to +0 helmet.
  1313 | D:2      | 1313 ||| READING scroll labelled KOAD MIKAFOE.
  1414 | D:2      | 1414 ||| READING scroll labelled VAGGAA ORIO.
  1415 | D:2      | 1415 ||| READING scroll labelled LUERILO XAGAGO.
  1416 | D:2      | 1416 ||| DRINKING 3 viscous cyan potions.
  1417 | D:2      | 1417 ||| DRINKING 2 murky blue potions.
  1418 | D:2      | 1418 ||| DROPPING potion of attraction.
  1536 | D:3      | Noticed Jessica
  1541 | D:3      | HP: 4/25 [Jessica/nerve-wracking pain (8)]
  1542 | D:3      | 1542 ||| READING 2 scrolls of teleportation.
  1543 | D:3      | Killed Jessica
  1544 | D:3      | Reached skill level 8 in Ranged Weapons
  1685 | D:3      | Noticed Grinder
  1693 | D:3      | HP: 5/25 [Grinder (6)]
  1694 | D:3      | 1694 ||| READING scroll of teleportation.
  1695 | D:3      | Killed from afar by Grinder

Levels and vault maps discovered:
D:1:      amcnicky_arrival_feature_with_door, layout_loops_ring
D:2:      layout_basic, shapermc_ecumenical_altar_pompeii, hex_intersection,
          grunt_ministairs_1, uniq_terence
D:3:      layout_rooms, minivault_5, chequers_jeans, minivault_26,
          nicolae_hexahallways, minmay_misc_feat_columns,
          minmay_tree_intersection, corner_web_ring, uniq_robin, uniq_grinder,
          uniq_jessica

Skill      XL: |  1  2  3  4 |
---------------+-------------+-----
Ranged Weapons | 6 7 8 |  8.1
Fighting       | |  1.5
Dodging        | |  2.5
Stealth        | |  1.2

Action                     |  1- 3 |  4- 6 || total
---------------------------+-------+-------++-------
   Fire: Shortbow          |    71 |    37 ||   108
    Use: Scroll            |     3 |     5 ||     8
         Potion            |     2 |     2 ||     4
 Armour: Leather armour    |     4 |       ||     4
  Dodge: Dodged            |     6 |     6 ||    12

Table legend:
 A = Non-vault XP
 B = Vault XP
 C = Vault XP percentage of total XP
 D = Non-vault monster count
 E = Vault monster count
 F = Vault count percentage of total count
                 A         B        C        D         E       F
            +---------+---------+-------+---------+---------+-------
      Total |      80 |      88 |  52.4 |      40 |       4 |   9.1
            +---------+---------+-------+---------+---------+-------
        D:1 |      35 |       0 |   0.0 |      20 |       0 |   0.0
        D:2 |      39 |      51 |  56.7 |      17 |       3 |  15.0
        D:3 |       6 |      37 |  86.0 |       3 |       1 |  25.0
            +---------+---------+-------+---------+---------+-------
